 Dungeon Crawl Stone Soup version 0.27-a0-577-ge2a43ba0c9 (webtiles) character file.

Game seed: 4176813023826850995

7 jasper the Vexing (level 1, -3/10 HPs)
             Began as a Deep Elf Enchanter on Mar 9, 2021.
             Slain by a hobgoblin
             ... wielding a +0 club
              (7 damage)
             ... on level 2 of the Dungeon.
             The game lasted 00:01:25 (464 turns).

jasper the Vexing (Deep Elf Enchanter)               Turns: 464, Time: 00:01:25

Health: -3/10      AC:  2    Str:  5    XL:     1   Next: 83%
Magic:  6/6        EV: 12    Int: 19    God:
Gold:   24         SH:  0    Dex: 15    Spells: 6/6 levels left

rFire    . . .     SeeInvis .   a - +1 dagger
rCold    . . .     Faith    .   (no shield)
rNeg     . . .     Spirit   .   b - +0 robe
rPois    .         Reflect  .   (no helmet)
rElec    .         Harm     .   (no cloak)
rCorr    .         Rampage  .   (no gloves)
Will     .....                  (no boots)
Stlth    +++.......             (no amulet)
HPRegen  0.03/turn              (no ring)
MPRegen  0.10/turn              (no ring)

@: no status effects
A: no striking features
a: no special abilities


You were on level 2 of the Dungeon.
You visited 1 branch of the dungeon, and saw 3 of its levels.

You collected 24 gold pieces.

Inventory:

Hand Weapons
 a - a +1 dagger (weapon)
 c - a +0 hunting sling
Missiles
 d - 23 bolts
 f - 22 arrows
Armour
 b - a +0 robe (worn)
 e - a +0 ring mail


   Skills:
 - Level 1.0 Short Blades
 + Level 2.5 Dodging
 * Level 3.9 Stealth
 + Level 3.1 Spellcasting
 * Level 4.2 Hexes


You had 6 spell levels left.
You didn't know any spells.
Your spell library contained the following spells:

 Spells                   Type           Power      Damage    Failure   Level
 Corona                   Hex            21%        N/A       2%          1
 Confusing Touch          Hex            19%        N/A       8%          3
 Tukima's Dance           Hex            19%        N/A       8%          3
 Ensorcelled Hibernation  Hex/Ice        22%        N/A       10%         2
 Dazzling Flash           Conj/Hex       22%        N/A       19%         3


Dungeon Overview and Level Annotations

Branches:
Dungeon (3/15)

Altars:


Message History

The adder hisses angrily.
The adder barely misses you. The adder closely misses you.
The adder barely misses you.
Found a mace.
The adder completely misses you.
You open the door. The adder bites you but does no damage.
The adder barely misses you.
There is an open door here.
You aren't carrying any items that you can evoke.
You aren't carrying any potions.
You aren't carrying any scrolls.
Unknown command.
The adder closely misses you.
You open the door. The adder barely misses you. The adder bites you.
Found a scroll labelled COANUALUYF.
You take 3 damage, and have 7/10 hp.
MASSIVE DAMAGE!!
The adder closely misses you.
There is an open door here.
Found a stone staircase leading up.
The adder closely misses you.
Found a cloak.
You see here a scroll labelled COANUALUYF.
As you read the scroll labelled COANUALUYF, it crumbles to dust.
It is a scroll of amnesia.
Forget Corona, freeing 1 spell level for a total of 6?
Your memory of Corona unravels.
The adder bites you but does no damage. The adder misses you.
The adder barely misses you.
There is a stone staircase leading up here.
The adder bites you. The hobgoblin hits you with a +0 club.
The adder bites you.
You climb upwards.
A goblin comes into view. It is wielding a +0 dagger.
Found 21 gold pieces and a scroll of identify.
There is a stone staircase leading down here.
You take 3 damage, and have 4/10 hp.
MASSIVE DAMAGE!!
Unknown command.
The hobgoblin hits you with a +0 club!
Ouch! That really hurt!
You die...

######
####...g# #
#.......#.# #
#.......#.##.#
#.......?.....
#..$.$........
#.....S.#
#....g@.#
#.......#
##....###
#.### #. #


You could see an adder, a hobgoblin and a goblin (asleep).

Vanquished Creatures
  A dart slug (D:2)
  2 bats (D:1)
  2 rats
5 creatures vanquished.

Vanquished Creatures (others)
  4 plants (D:3)
4 creatures vanquished.

Grand Total: 9 creatures vanquished

Notes
Turn   | Place    | Note
-------+----------+-------------------------------------------
     0 | D:1      | jasper the Deep Elf Enchanter began the quest for the Orb.
     0 | D:1      | Reached XP level 1. HP: 10/10 MP: 6/6
   464 | D:2      | Slain by a hobgoblin

Illustrated notes

Levels and vault maps discovered:
D:1:      evilmike_arrival_home_sweet_home, layout_basic, serial_forest,
          infiniplex_forest_straight_1, infiniplex_forest_straight_4,
          infiniplex_forest_zigzag_2, infiniplex_forest_straight_4,
          infiniplex_forest_3_way, infiniplex_forest_clump_curved,
          infiniplex_forest_lined_room_, infiniplex_forest_clump_tiny
D:2:      layout_loops_ring
D:3:      minmay_chambers_of_twos, layout_loops_corners, lemuel_crystal_altar,
          serial_bayou_lake_a, uniq_terence, uniq_ijyb, uniq_jessica

Action                   || total
-------------------------++-------
Melee: Dagger            ||    15
  Use: Scroll            ||     3
 Stab: Sleeping          ||     1
Armor: Robe              ||     7
Dodge: Dodged            ||    21

Table legend: (Time is in decaauts)
 A = Elapsed time spent in this place.
 B = Non-inter-level travel time spent in this place.
 C = Inter-level travel time spent in this place.
 D = Time resting spent in this place.
 E = Time spent auto-exploring this place.
 F = Levels seen in this place.
 G = Mean time per level.
                   A        B        C        D        E       F      G
               +--------+--------+--------+--------+--------+-----+--------+
         Total |    462 |    462 |      0 |    151 |    163 |   3 |  154.0 |
       Dungeon |    462 |    462 |      0 |    151 |    163 |   3 |  154.0 |
               +--------+--------+--------+--------+--------+-----+--------+

Top non-repeatable levels by time:
     D:2: 236 daAuts
     D:1: 177 daAuts
     D:3: 48 daAuts
